 Dungeon Crawl Stone Soup version 0.26-a0-497-g0187308201 (webtiles) character file.

Game seed: 592029888624406026

1061 MrRokkomies the Ducker (level 8, -4/54 HPs)
             Began as an Octopode Chaos Knight on Aug 6, 2020.
             Was a Plaything of Xom.
             Slain by Pikel
             ... wielding a +2 whip of electrocution
              (5 damage)
             ... on level 6 of the Dungeon.
             The game lasted 00:08:01 (6225 turns).

MrRokkomies the Ducker (Octopode Chaos Knight)      Turns: 6225, Time: 00:08:01

Health: -4/54      AC:  5    Str: 11    XL:     8   Next: 27%
Magic:  8/8        EV: 16    Int: 12    God:    Xom [......]
Gold:   195        SH:  0    Dex: 12    Spells: 4/7 levels left

rFire    . . .     SeeInvis .   a - +0 broad axe (elec)
rCold    . . .     Faith    .   (no shield)
rNeg     . . .     Spirit   .   (helmet restricted)
rPois    .         Reflect  .   (no amulet)
rElec    +         Harm     .   g - +4 ring of protection
rCorr    .         Rnd*Tele +   (no ring)
MR       .....                  (no ring)
Stlth    ++........             (no ring)
HPRegen  0.00/turn              (no ring)
MPRegen  0.11/turn              (no ring)
                                (no ring)
                                (no ring)

@: confused
A: almost no armour, stealthy swim, amphibious, 8 rings, constrict 8, camouflage
1, blurry vision 1, dopey 2, electricity resistance, inhibited regeneration,
teleportitis 1, gelatinous body 1
a: Renounce Religion


You were on level 6 of the Dungeon.
You worshipped Xom.
You were a very special plaything of Xom.
You visited 2 branches of the dungeon, and saw 7 of its levels.

You collected 307 gold pieces.
You spent 112 gold pieces at shops.

Inventory:

Hand Weapons
 a - a +0 broad axe of electrocution (weapon)
 e - a +0 falchion of chaos
Missiles
 l - 7 javelins
 r - 3 boomerangs (quivered)
Jewellery
 g - a +4 ring of protection (left tentacle)
Wands
 c - a wand of enslavement (9)
 m - a wand of iceblast (8)
 p - a wand of paralysis (12)
Scrolls
 f - 4 scrolls of remove curse
 j - a scroll of magic mapping
 k - a scroll of identify
 o - a scroll of fog
Potions
 b - a potion of magic
 d - 3 potions of haste
 h - a potion of brilliance {unknown}
 n - 2 potions of berserk rage {unknown}


   Skills:
 + Level 4.8 Fighting
 - Level 5.1 Long Blades
 * Level 3.1 Axes
 * Level 5.9 Dodging
 + Level 5.2 Stealth


You had 4 spell levels left.
You knew the following spells:

 Your Spells              Type           Power        Failure   Level
a - Frozen Ramparts       Ice            #.....       69%         3

Your spell library contained the following spells:

 Spells                   Type           Power        Failure   Level
 Animate Skeleton         Necr           #.....       32%         1
 Apportation              Tloc           #.....       32%         1
 Corona                   Hex            #......      32%         1
 Freeze                   Ice            #...         32%         1
 Summon Small Mammal      Summ           #...         32%         1
 Ozocubu's Armour         Ice            #.......     69%         3
 Hailstorm                Conj/Ice       #.......     97%         4
 Summon Ice Beast         Ice/Summ       #.......     97%         4


Dungeon Overview and Level Annotations

Branches:
Dungeon (6/15)             Temple (1/1) D:4

Altars:
Ashenzari
Cheibriados
Elyvilon
Fedhas
Gozag
Hepliaklqana
Makhleb
Okawaru
Ru
Sif Muna
Trog
Uskayaw
Vehumet
Wu Jian
The Shining One

Shops:
D:4 *

Annotations:
D:6 Pikel


Innate Abilities, Weirdness & Mutations

You cannot wear most types of armour.
You are very stealthy in the water. (Stealth+)
You are amphibious.
You can wear up to eight rings at the same time.
You can use your tentacles to constrict eight enemies at once.
Your skin changes colour to match your surroundings (Stealth+).
Your rubbery body absorbs attacks. (AC +1, EV +1)
Scrolls take you a little longer to read.
You are very dopey. (Int -4)
You are resistant to electric shocks. (rElec)
You do not regenerate when monsters are visible.
You are occasionally teleported next to monsters.


Message History

You constrict Pikel. Pikel barely misses you.
Pikel hits you with a +2 whip of electrocution!
* * * LOW HITPOINT WARNING * * *
Okay, then.
Unknown command.
Okay, then.
Unknown command.
Evoke which item? (* to show all) (? for menu, Esc to quit)
Aiming: Paralyse
Press: ? - help, Shift-Dir - straight line, f - Pikel
Aim: Pikel, wielding a +2 whip of electrocution and wearing a +2 robe of magic resistance (moderately wounded, constricted by you, chance to defeat MR: 15%)
Okay, then.
Unknown command.
You release your grip on Pikel.
Xom's power touches on your mind for a moment.
You are confused.
You bump into the rock wall.
Pikel hits you with a +2 whip of electrocution.
You die...
Xom guffaws!

.## #.#....... .'
........ # ....... #
.....#.# # ....... #
..##.# ## #.##.# #.
#@##.# # #. #K##.# .
#. #.##.#5##.# ##.#.
#....5.)..### #..#(
###.#.......#
###..## ##.###.##.#
#...... #. #.##.#
#.##...
.#.##.##.#####.####.
.#
#<............##..


You could see Pikel and 2 lemures.

Vanquished Creatures
  Edmund (D:5)
  An ice beast (D:5)
  An ogre (D:5)
  2 lemures (D:6)
  A bullfrog (D:6)
  A scorpion (D:6)
  A howler monkey (D:4)
  2 hounds
  2 orc priests
  Crazy Yiuf (D:3)
  A centaur skeleton (D:5)
  2 orc wizards
  6 worker ants
  A hound skeleton (D:5)
  2 gnolls
  7 adders
  A shadow imp (D:5)
  A white imp (D:5)
  An ufetubus (D:5)
  An ooze (D:4)
  3 worms
  2 dart slugs
  4 leopard geckos
  14 orcs
  A ball python (D:1)
  11 bats
  3 giant cockroaches
  9 goblins
  8 hobgoblins
  6 jackals (D:3)
  2 quokkas
  A ball python skeleton (D:4)
  2 frilled lizards
  8 kobolds
  A leopard gecko skeleton (D:4)
  4 rats
115 creatures vanquished.

Notes
Turn   | Place    | Note
-------+----------+-------------------------------------------
     0 | D:1      | MrRokkomies the Octopode Chaos Knight began the quest for
                  | the Orb.
     0 | D:1      | Reached XP level 1. HP: 16/16 MP: 1/1
     2 | D:1      | Noticed an elf
     2 | D:1      | Noticed a vampire
     4 | D:1      | Noticed a gargoyle
     4 | D:1      | Noticed a tengu
     6 | D:1      | Noticed a halfling
     6 | D:1      | Noticed a merfolk
     8 | D:1      | Noticed an ogre
     8 | D:1      | Noticed a spriggan
    10 | D:1      | Noticed a naga
    10 | D:1      | Noticed a human
    12 | D:1      | Noticed a vine stalker
    16 | D:1      | Noticed a centaur
    16 | D:1      | Noticed an octopode
    18 | D:1      | Noticed a draconian
    18 | D:1      | Noticed a demonspawn
    20 | D:1      | Noticed a felid
    20 | D:1      | Noticed a demigod
    22 | D:1      | Noticed a formicid
    24 | D:1      | Noticed a ghoul
    24 | D:1      | Noticed a minotaur
    26 | D:1      | Noticed a troll
    26 | D:1      | Noticed a dwarf
   345 | D:1      | Reached skill level 1 in Stealth
   345 | D:1      | Reached XP level 2. HP: 21/21 MP: 2/2
   365 | D:1      | XOM: silly message
   521 | D:1      | Reached XP level 3. HP: 19/26 MP: 3/3
   907 | D:1      | XOM is BORED!
   907 | D:1      | XOM: silly message
  1046 | D:1      | XOM: summons 4 hostile shadow creatures
  1402 | D:2      | Reached XP level 4. HP: 31/31 MP: 4/4
  1643 | D:2      | XOM: god gift: blackened iron wand {god gift}
  1871 | D:2      | Found a white marble altar of Elyvilon.
  2084 | D:2      | XOM: cloud trail
  2311 | D:3      | Reached XP level 5. HP: 34/36 MP: 5/5
  2385 | D:3      | XOM: scenery: 1 doors open
  2550 | D:3      | Found a hazy altar of Hepliaklqana.
  2551 | D:3      | Found a shattered altar of Ashenzari.
  2552 | D:3      | Found a burning altar of Makhleb.
  2747 | D:3      | Found a runed translucent door.
  2748 | D:3      | Noticed Crazy Yiuf
  2810 | D:3      | Found a glowing golden altar of the Shining One.
  2952 | D:3      | XOM is BORED!
  2952 | D:3      | XOM: give mutations
  2952 | D:3      | Gained mutation: You are dopey. (Int -2) [Xom's mischief]
  2952 | D:3      | Gained mutation: You do not regenerate when monsters are
                  | visible. [Xom's mischief]
  2952 | D:3      | Gained mutation: You are very dopey. (Int -4) [Xom's
                  | mischief]
  3007 | D:3      | Killed Crazy Yiuf
  3219 | D:4      | XOM: god gift: 20 stones
  3252 | D:4      | Reached XP level 6. HP: 21/43 MP: 6/6
  3511 | D:4      | XOM: silly message
  3588 | D:4      | XOM: noise
  3699 | D:4      | XOM: god gift: plate armour {god gift}
  3703 | D:4      | XOM: give mutations
  3703 | D:4      | Gained mutation: You are frail. (-10% HP) [Xom's mischief]
  3703 | D:4      | Lost mutation: You are frail. (-10% HP) [Xom's mischief]
  3703 | D:4      | Gained mutation: You are resistant to electric shocks.
                  | (rElec) [Xom's mischief]
  3703 | D:4      | Gained mutation: Scrolls take you a little longer to read.
                  | [Xom's mischief]
  3791 | D:4      | Found a staircase to the Ecumenical Temple.
  3840 | Temple   | Entered the Ecumenical Temple
  4115 | D:4      | Found Zugym's Assorted Antiques.
  4120 | D:4      | Bought a copper wand for 112 gold pieces
  4339 | D:5      | Entered Level 5 of the Dungeon
  4347 | D:5      | Noticed Edmund
  4362 | D:5      | Killed Edmund
  4362 | D:5      | Reached skill level 5 in Long Blades
  4362 | D:5      | Reached XP level 7. HP: 42/48 MP: 7/7
  4391 | D:4      | Reached skill level 1 in Axes
  4391 | D:4      | Reached skill level 5 in Dodging
  4624 | D:4      | XOM: draining
  4930 | D:5      | XOM: give mutations
  4930 | D:5      | Gained mutation: You are occasionally teleported next to
                  | monsters. [Xom's mischief]
  4930 | D:5      | Gained mutation: Your flesh is heat resistant. (rF+) [Xom's
                  | mischief]
  4930 | D:5      | Lost mutation: Your flesh is heat resistant. (rF+) [Xom's
                  | mischief]
  5270 | D:5      | XOM: noise
  5353 | D:5      | Found an opulent altar of Gozag.
  5360 | D:5      | Reached XP level 8. HP: 54/54 MP: 8/8
  5451 | D:6      | Learned a level 3 spell: Frozen Ramparts
  5460 | D:6      | Reached skill level 5 in Stealth
  5637 | D:6      | XOM: torment (28/54 hp)
  5650 | D:6      | XOM: summons 3 hostile shadow creatures
  6068 | D:6      | XOM: summons 5 hostile demons
  6150 | D:6      | XOM: 2-stop teleportation journey
  6207 | D:6      | Noticed Pikel
  6223 | D:6      | HP: 1/54 [Pikel/+2 whip of electrocution (9)]
  6224 | D:6      | XOM: confusion
  6225 | D:6      | Slain by Pikel

Illustrated notes

Levels and vault maps discovered:
D:1:      kb_arrival_jail, layout_basic
D:2:      layout_loops_ring, elyvilon_altar_3
D:3:      layout_basic, gammafunk_temple_overflow_claw, lemuel_round_altar,
          uniq_crazy_yiuf_cottage
D:4:      layout_loops_ring, minmay_temple_entry_overgrown, serial_shops,
          shop_statue
D:5:      layout_basic, kennysheep_little_box, uniq_edmund
D:6:      corexii_shantytown, layout_loops_ring, uniq_eustachio, uniq_pikel,
          uniq_blork_the_orc
Temple:   nicolae_temple_figure_zero

Skill      XL: |  1  2  3  4  5  6  7  8 |
---------------+-------------------------+-----
Stealth        | 1 2 3 4 5 |  5.2
Dodging        | 3 4 5 |  5.9
Long Blades    | 4 5 |  5.1
Fighting       | 4 |  4.8
Axes           | 2 3 |  3.1

Action                   |  1- 3 |  4- 6 |  7- 9 || total
-------------------------+-------+-------+-------++-------
Melee: Falchion          |    48 |   124 |     2 ||   174
       Constrict         |    15 |    39 |    21 ||    75
       Tentacles         |     7 |    20 |    21 ||    48
       Broad axe         |       |       |    83 ||    83
Evoke: Wand              |       |     2 |       ||     2
  Use: Scroll            |       |     7 |     1 ||     8
       Potion            |       |     2 |     3 ||     5
 Stab: Sleeping          |     8 |    16 |     7 ||    31
       Distracted        |       |     1 |       ||     1
       Paralysed         |       |     6 |       ||     6
       Petrified         |       |     1 |       ||     1
Armor: Skin              |     5 |    19 |    14 ||    38
Dodge: Dodged            |    39 |    65 |    98 ||   202
       Rpst.: Falchion   |    11 |    26 |       ||    37

Table legend: (Time is in decaauts)
 A = Elapsed time spent in this place.
 B = Non-inter-level travel time spent in this place.
 C = Inter-level travel time spent in this place.
 D = Time resting spent in this place.
 E = Time spent auto-exploring this place.
 F = Levels seen in this place.
 G = Mean time per level.
                   A        B        C        D        E       F      G
               +--------+--------+--------+--------+--------+-----+--------+
         Total |   6288 |   6130 |    158 |   1119 |   4145 |   7 |  898.3 |
       Dungeon |   6171 |   6024 |    147 |   1119 |   4038 |   6 | 1028.5 |
        Temple |    117 |    107 |     10 |      0 |    107 |   1 |  117.0 |
               +--------+--------+--------+--------+--------+-----+--------+

Top non-repeatable levels by time:
     D:1: 1402 daAuts
     D:4: 1357 daAuts
     D:5: 1095 daAuts
     D:3: 971 daAuts
     D:2: 751 daAuts
     D:6: 592 daAuts
  Temple: 117 daAuts
